MAA
HELENA GRIZZLIES @ VIRGINIA BEACH DEUCES
09/19/2019
 
TOP OF THE 1ST
Helena Grizzlies batting - Pitching for Virginia Beach Deuces : RHP Ramón Vázquez
Pitching: RHP Ramón Vázquez
Batting: RHB Dustin O'Quinlevan 0-0: Called Strike
0-1: Ball
1-1: Foul Ball, location: 2F
1-2: Strikes out looking
Batting: RHB Joe Chase 0-0: Ball
1-0: Foul Ball, location: 2F
1-1: Swinging Strike
1-2: Ball
2-2: Strikes out swinging
Batting: LHB Juan Hernández 0-0: Called Strike
0-1: Ball
1-1: Called Strike
1-2: Strikes out swinging
Top of the 1st over - 0 run(s), 0 hit(s), 0 error(s), 0 left on base; Helena 0 - Virginia Beach 0
BOTTOM OF THE 1ST
Virginia Beach Deuces batting - Pitching for Helena Grizzlies : LHP Frank Simmons
Pitching: LHP Frank Simmons
Batting: RHB Scott Miller 0-0: Swinging Strike
0-1: Ball
1-1: Ball
2-1: DOUBLE (Line Drive, 8RM)
Batting: RHB Travis Brumback 0-0: Ball
1-0: Foul Ball, location: 2F
1-1: Foul Ball, location: 2F
1-2: Foul Ball, location: 2F
1-2: Ball
2-2: Ball
3-2: Foul Ball, location: 2F
3-2: SINGLE (Line Drive, 9LS)
Scott Miller to third
Runner from 3rd tries for Home, SAFE, throw made home
Travis Brumback to second
Batting: RHB Javier Santos 0-0: Ball
1-0: Fly out, F8 (Flyball, 8LD)
Runner from 2nd tags up, SAFE at 3rd, no throw
Batting: LHB Álex Burgos 0-0: SINGLE (Groundball, 34D)
Travis Brumback scores
Batting: RHB Lorenzo Ramírez 0-0: Ball
1-0: Foul Ball, location: 2F
1-1: Foul Ball, location: 2F
1-2: Strikes out looking
Batting: LHB Carl Gore 0-0: Called Strike
0-1: Ball
1-1: Ball
2-1: Foul Ball, location: 2F
2-2: Hit by Pitch
Álex Burgos to second
Batting: RHB Álex Escobar 0-0: Called Strike
0-1: Ball
1-1: Swinging Strike
1-2: Strikes out swinging
Bottom of the 1st over - 2 run(s), 3 hit(s), 0 error(s), 2 left on base; Helena 0 - Virginia Beach 2
TOP OF THE 2ND
Helena Grizzlies batting - Pitching for Virginia Beach Deuces : RHP Ramón Vázquez
Batting: RHB Pancho Salaedo 0-0: Foul Ball, location: 2F
0-1: Foul Ball, location: 2F
0-2: Ball
1-2: Ball
2-2: Foul Ball, location: 2F
2-2: SOLO HOME RUN (Flyball, 8LXD), Distance : 439 ft
Batting: LHB José Alonso 0-0: Ground out 4-3 (Groundball, 4)
Batting: RHB Wilbur James 0-0: Bunt for hit - play at first, batter safe!
Batting: RHB David Ramírez 0-0: Ball
Wilbur James steals 2nd base
1-0: Ball
2-0: Swinging Strike
2-1: Called Strike
2-2: Foul Ball, location: 2F
2-2: Ball
3-2: Foul Ball, location: 2F
3-2: Strikes out looking
Batting: RHB Jeremy Murphy 0-0: Swinging Strike
0-1: Foul Ball, location: 2F
0-2: Ball
1-2: Strikes out swinging
Top of the 2nd over - 1 run(s), 2 hit(s), 0 error(s), 1 left on base; Helena 1 - Virginia Beach 2
BOTTOM OF THE 2ND
Virginia Beach Deuces batting - Pitching for Helena Grizzlies : LHP Frank Simmons
Batting: RHB Marcox Fiadeiro 0-0: Ball
1-0: Foul Ball, location: 2F
1-1: Bunted foul
1-2: Ball
2-2: SINGLE (Line Drive, 56)
Batting: RHB Derrek Church 0-0: Called Strike
0-1: Hit by Pitch
Marcox Fiadeiro to second
Batting: RHB Scott Miller 0-0: Ball
Wild Pitch!
Marcox Fiadeiro to third
Derrek Church to second
1-0: Ball
2-0: Ball
3-0: Called Strike
3-1: Fly out, F8 (Popup, 8LS)
Runner from 3rd tags up, SCORES, throw made
Batting: RHB Travis Brumback 0-0: Fly out, F3 (Popup, 23)
Batting: RHB Javier Santos 0-0: Ball
1-0: Called Strike
1-1: SINGLE (Line Drive, 78M)
Derrek Church to third
Runner from 3rd tries for Home, SAFE, no throw or cutoff
Batting: LHB Álex Burgos 0-0: Ball
1-0: Ball
2-0: Foul Ball, location: 2F
2-1: Ball
Balk!
Javier Santos to second
3-1: Base on Balls
Batting: RHB Lorenzo Ramírez 0-0: Ball
1-0: Called Strike
1-1: Called Strike
1-2: Foul Ball, location: 2F
1-2: Fly out, F5 (Line Drive, 5S)
Bottom of the 2nd over - 2 run(s), 2 hit(s), 0 error(s), 2 left on base; Helena 1 - Virginia Beach 4
TOP OF THE 3RD
Helena Grizzlies batting - Pitching for Virginia Beach Deuces : RHP Ramón Vázquez
Batting: RHB Jack Glenn 0-0: Foul Ball, location: 2F
0-1: Ball
1-1: Called Strike
1-2: Fly out, F9 (Flyball, 9D)
Batting: RHB Dustin O'Quinlevan 0-0: Ball
1-0: Ball
2-0: SINGLE (Flyball, 9S)
Batting: RHB Joe Chase 0-0: Ball
1-0: DOUBLE (Flyball, 78D)
Dustin O'Quinlevan to third
Batting: LHB Juan Hernández 0-0: Called Strike
0-1: Swinging Strike
0-2: Ball
1-2: Strikes out swinging
Batting: RHB Pancho Salaedo 0-0: Ball
Passed Ball!
Dustin O'Quinlevan scores
Joe Chase to third
1-0: SINGLE (Line Drive, 56D)
Joe Chase scores
Batting: LHB José Alonso 0-0: Ball
1-0: Called Strike
1-1: Ball
2-1: Ball
3-1: SINGLE (Line Drive, 34)
Pancho Salaedo to second
Batting: RHB Wilbur James 0-0: Ball
1-0: Ball
2-0: Ball
Passed Ball!
Pancho Salaedo to third
José Alonso to second
3-0: Base on Balls
Batting: RHB David Ramírez 0-0: Ball
1-0: Ball
2-0: Ball
3-0: Called Strike
3-1: Base on Balls
Pancho Salaedo scores
José Alonso to third
Wilbur James to second
Batting: RHB Jeremy Murphy 0-0: Ball
1-0: Called Strike
1-1: Ball
2-1: Ball
3-1: Called Strike
3-2: Strikes out swinging
Top of the 3rd over - 3 run(s), 4 hit(s), 0 error(s), 3 left on base; Helena 4 - Virginia Beach 4
BOTTOM OF THE 3RD
Virginia Beach Deuces batting - Pitching for Helena Grizzlies : LHP Frank Simmons
Batting: LHB Carl Gore 0-0: Fly out, F8 (Flyball, 8LM)
Batting: RHB Álex Escobar 0-0: Ball
1-0: DOUBLE (Line Drive, 7M)
Batting: RHB Marcox Fiadeiro 0-0: Called Strike
0-1: Ball
1-1: Ball
2-1: Fly out, F9 (Flyball, 89M)
Batting: RHB Derrek Church 0-0: Fly out, F8 (Popup, 89S)
Bottom of the 3rd over - 0 run(s), 1 hit(s), 0 error(s), 1 left on base; Helena 4 - Virginia Beach 4
TOP OF THE 4TH
Helena Grizzlies batting - Pitching for Virginia Beach Deuces : RHP Ramón Vázquez
Batting: RHB Jack Glenn 0-0: Ball
1-0: Ball
2-0: Called Strike
2-1: Ball
3-1: Base on Balls
Batting: RHB Dustin O'Quinlevan 0-0: Called Strike
0-1: Called Strike
0-2: Ball
1-2: Foul Ball, location: 2F
1-2: SINGLE (Groundball, 4M)
Jack Glenn to second
Batting: RHB Joe Chase 0-0: Ball
1-0: Fly out, F7 (Flyball, 78M)
Batting: LHB Juan Hernández 0-0: Ball
1-0: Ball
2-0: Foul Ball, location: 2F
2-1: Called Strike
2-2: Ball
3-2: Foul Ball, location: 2F
3-2: SINGLE (Line Drive, 89S)
Jack Glenn to third
Dustin O'Quinlevan to second
Batting: RHB Pancho Salaedo 0-0: Called Strike
0-1: SINGLE (Groundball, 56D)
Jack Glenn scores
Dustin O'Quinlevan to third
Juan Hernández to second
Runner from 3rd tries for Home, SAFE, no throw or cutoff
Pitching: RHP Ademar Sant' Ana
Batting: LHB José Alonso 0-0: Ball
1-0: Called Strike
1-1: SINGLE (Groundball, 34D)
Juan Hernández to third
Pancho Salaedo to second
Runner from 3rd tries for Home, SAFE, no throw or cutoff
Batting: RHB Wilbur James 0-0: Foul Ball, location: 2F
0-1: Swinging Strike
0-2: Ball
1-2: Hit by Pitch
Pancho Salaedo to third
José Alonso to second
Batting: RHB David Ramírez 0-0: Called Strike
0-1: Ball
1-1: Ball
2-1: Fly out, F9 (Flyball, 89M)
Batting: RHB Jeremy Murphy 0-0: Ball
1-0: Ball
2-0: Foul Ball, location: 2F
2-1: Foul Ball, location: 2F
2-2: SINGLE (Flyball, 9LS)
Pancho Salaedo scores
José Alonso to third
Wilbur James to second
Runner from 3rd tries for Home, SAFE, no throw or cutoff
Batting: RHB Jack Glenn 0-0: Ball
1-0: Foul Ball, location: 2F
1-1: Ball
2-1: Foul Ball, location: 2F
2-2: Ground out 4-3 (Groundball, 4)
Top of the 4th over - 5 run(s), 5 hit(s), 0 error(s), 2 left on base; Helena 9 - Virginia Beach 4
BOTTOM OF THE 4TH
Virginia Beach Deuces batting - Pitching for Helena Grizzlies : LHP Frank Simmons
Batting: RHB Scott Miller 0-0: Called Strike
0-1: Fly out, F8 (Flyball, 89M)
Batting: RHB Travis Brumback 0-0: Called Strike
0-1: Swinging Strike
0-2: Ball
1-2: Fly out, F9 (Flyball, 9M)
Batting: RHB Javier Santos 0-0: Ball
1-0: Foul Ball, location: 2F
1-1: SINGLE (Groundball, 56D)
Batting: LHB Álex Burgos 0-0: Ball
1-0: Called Strike
1-1: Swinging Strike
1-2: Foul Ball, location: 2F
1-2: 2-RUN HOME RUN (Flyball, 7D), Distance : 399 ft
Batting: RHB Lorenzo Ramírez 0-0: Ball
1-0: Called Strike
1-1: Foul Ball, location: 2F
1-2: Ball
2-2: Ball
3-2: Strikes out swinging
Bottom of the 4th over - 2 run(s), 2 hit(s), 0 error(s), 0 left on base; Helena 9 - Virginia Beach 6
TOP OF THE 5TH
Helena Grizzlies batting - Pitching for Virginia Beach Deuces : RHP Ademar Sant' Ana
Batting: RHB Dustin O'Quinlevan 0-0: Swinging Strike
0-1: Ground out 5-3 (Groundball, 56)
Batting: RHB Joe Chase 0-0: Ball
1-0: Ball
2-0: Called Strike
2-1: Ground out 6-3 (Groundball, 6)
Batting: LHB Juan Hernández 0-0: Ball
1-0: Swinging Strike
1-1: Ball
2-1: Foul Ball, location: 2F
2-2: Ground out 5-3 (Groundball, 56)
Top of the 5th over - 0 run(s), 0 hit(s), 0 error(s), 0 left on base; Helena 9 - Virginia Beach 6
BOTTOM OF THE 5TH
Virginia Beach Deuces batting - Pitching for Helena Grizzlies : LHP Frank Simmons
Batting: LHB Carl Gore 0-0: Ball
1-0: Fly out, F4 (Line Drive, 4)
Batting: RHB Álex Escobar 0-0: Foul Ball, location: 2F
0-1: SINGLE (Flyball, 8LS)
Pitching: RHP Lou Armstrong
Batting: RHB Marcox Fiadeiro 0-0: Foul Ball, location: 2F
0-1: Foul Ball, location: 2F
0-2: Ball
1-2: Ball
2-2: Foul Ball, location: 2F
2-2: Foul Ball, location: 2F
2-2: Strikes out looking
Batting: RHB Derrek Church 0-0: Ball
1-0: Foul Ball, location: 2F
1-1: Called Strike
1-2: Hit by Pitch
Álex Escobar to second
Batting: RHB Scott Miller 0-0: 3-RUN HOME RUN (Flyball, 7D), Distance : 393 ft
Batting: RHB Travis Brumback 0-0: Ground out 4-3 (Groundball, 4)
Bottom of the 5th over - 3 run(s), 2 hit(s), 0 error(s), 0 left on base; Helena 9 - Virginia Beach 9
TOP OF THE 6TH
Helena Grizzlies batting - Pitching for Virginia Beach Deuces : RHP Ademar Sant' Ana
Batting: RHB Pancho Salaedo 0-0: Called Strike
0-1: Ball
1-1: Called Strike
1-2: SINGLE (Line Drive, 56)
Batting: LHB José Alonso 0-0: Ball
1-0: Called Strike
1-1: SINGLE (Groundball, 4MD)
Pancho Salaedo to second
Batting: RHB Wilbur James 0-0: Ball
1-0: Sac Bunt - play at first, batter OUT! 3-4
Pancho Salaedo to third
José Alonso to second
Batting: RHB David Ramírez 0-0: Intentional Walk
Batting: RHB Jeremy Murphy 0-0: Ball
1-0: Called Strike
1-1: Foul Ball, location: 2F
1-2: Foul Ball, location: 2F
1-2: Fly out, F8 (Flyball, 8RXD)
Runner from 3rd tags up, SCORES, no throw
Pitching: RHP Kevin Fields
Batting: RHB Jack Glenn 0-0: Ball
1-0: Called Strike
1-1: Ball
2-1: Ball
3-1: Base on Balls
José Alonso to third
David Ramírez to second
Batting: RHB Dustin O'Quinlevan 0-0: Ball
1-0: SINGLE (Flyball, 9LM)
José Alonso scores
David Ramírez to third
Jack Glenn to second
Runner from 3rd tries for Home, SAFE, no throw or cutoff
Batting: RHB Joe Chase 0-0: Ball
1-0: DOUBLE (Groundball, 5L)
Jack Glenn scores
Dustin O'Quinlevan to third
Runner from 3rd tries for Home, SAFE, no throw or cutoff
Pitching: RHP Carlos Ortíz
Batting: LHB Juan Hernández 0-0: Called Strike
0-1: Ball
1-1: Ball
2-1: Foul Ball, location: 2F
2-2: Ground out 6-3 (Groundball, 6M)
Top of the 6th over - 5 run(s), 4 hit(s), 0 error(s), 1 left on base; Helena 14 - Virginia Beach 9
BOTTOM OF THE 6TH
Virginia Beach Deuces batting - Pitching for Helena Grizzlies : RHP Lou Armstrong
Pitching: RHP Scott Lyons
Batting: RHB Javier Santos 0-0: Ball
1-0: Called Strike
1-1: Foul Ball, location: 2F
1-2: Foul Ball, location: 2F
1-2: Strikes out swinging
Batting: LHB Álex Burgos 0-0: Fly out, F4 (Line Drive, 4)
Batting: RHB Lorenzo Ramírez 0-0: Foul Ball, location: 2F
0-1: Fly out, F9 (Line Drive, 9M)
Bottom of the 6th over - 0 run(s), 0 hit(s), 0 error(s), 0 left on base; Helena 14 - Virginia Beach 9
TOP OF THE 7TH
Helena Grizzlies batting - Pitching for Virginia Beach Deuces : RHP Carlos Ortíz
Batting: RHB Pancho Salaedo 0-0: Ball
1-0: Called Strike
1-1: Ball
2-1: Ground out 6-3 (Groundball, 6M)
Batting: LHB José Alonso 0-0: Ball
1-0: Ball
2-0: Called Strike
2-1: Foul Ball, location: 2F
2-2: Strikes out swinging
Batting: RHB Wilbur James 0-0: Called Strike
0-1: Ball
1-1: Foul Ball, location: 2F
1-2: Foul Ball, location: 2F
1-2: Strikes out looking
Top of the 7th over - 0 run(s), 0 hit(s), 0 error(s), 0 left on base; Helena 14 - Virginia Beach 9
BOTTOM OF THE 7TH
Virginia Beach Deuces batting - Pitching for Helena Grizzlies : RHP Scott Lyons
Now at 3B: Enrico Díaz
Batting: LHB Carl Gore 0-0: Called Strike
0-1: Ball
1-1: SOLO HOME RUN (Flyball, 9LD), Distance : 349 ft
Batting: RHB Álex Escobar 0-0: Ball
1-0: Ball
2-0: Called Strike
2-1: Ball
3-1: Fly out, F4 (Line Drive, 34D)
Batting: RHB Marcox Fiadeiro 0-0: Called Strike
0-1: DOUBLE (Flyball, 89M)
Batting: RHB Derrek Church 0-0: Ground out 6-3 (Groundball, 6)
Marcox Fiadeiro to third
Batting: RHB Scott Miller 0-0: Ball
1-0: Foul Ball, location: 2F
1-1: Called Strike
1-2: Ball
2-2: Ball
3-2: Foul Ball, location: 2F
3-2: Foul Ball, location: 2F
3-2: Fly out, F8 (Line Drive, 8RD)
Bottom of the 7th over - 1 run(s), 2 hit(s), 0 error(s), 1 left on base; Helena 14 - Virginia Beach 10
TOP OF THE 8TH
Helena Grizzlies batting - Pitching for Virginia Beach Deuces : RHP Carlos Ortíz
Batting: RHB Enrico Díaz 0-0: Called Strike
0-1: Ball
1-1: Swinging Strike
1-2: Foul Ball, location: 2F
1-2: Ball
2-2: Ball
3-2: Ground out 4-3 (Groundball, 4)
Batting: RHB Jeremy Murphy 0-0: Called Strike
0-1: Ball
1-1: Foul Ball, location: 2F
1-2: Strikes out swinging
Batting: RHB Jack Glenn 0-0: Ball
1-0: Called Strike
1-1: Ball
2-1: Ball
3-1: DOUBLE (Line Drive, 7LM)
Batting: RHB Dustin O'Quinlevan 0-0: Foul Ball, location: 2F
0-1: Swinging Strike
0-2: Strikes out swinging
Top of the 8th over - 0 run(s), 1 hit(s), 0 error(s), 1 left on base; Helena 14 - Virginia Beach 10
BOTTOM OF THE 8TH
Virginia Beach Deuces batting - Pitching for Helena Grizzlies : RHP Scott Lyons
Pitching: LHP Alonso García
Batting: RHB Travis Brumback 0-0: Ball
1-0: Ball
2-0: Fly out, F8 (Flyball, 8LM)
Batting: RHB Javier Santos 0-0: Ball
1-0: Ball
2-0: Called Strike
2-1: Swinging Strike
2-2: SINGLE (Line Drive, 78S)
Batting: LHB Álex Burgos 0-0: Ball
1-0: Ball
2-0: Called Strike
2-1: Foul Ball, location: 2F
2-2: Ball
3-2: 2-RUN HOME RUN (Flyball, 9LD), Distance : 343 ft
Pitching: RHP Luis Fernández
Batting: RHB Lorenzo Ramírez 0-0: Ball
1-0: Foul Ball, location: 2F
1-1: Foul Ball, location: 2F
1-2: DOUBLE (Line Drive, 9D)
Pitching: LHP Eugene Baker
Batting: LHB Carl Gore 0-0: Foul Ball, location: 2F
0-1: Called Strike
0-2: Ball
1-2: Strikes out swinging
Pitching: RHP Victor Powell
Batting: RHB Álex Escobar 0-0: Swinging Strike
0-1: Ball
1-1: Swinging Strike
1-2: Strikes out swinging
Bottom of the 8th over - 2 run(s), 3 hit(s), 0 error(s), 1 left on base; Helena 14 - Virginia Beach 12
TOP OF THE 9TH
Helena Grizzlies batting - Pitching for Virginia Beach Deuces : RHP Carlos Ortíz
Batting: RHB Joe Chase 0-0: Called Strike
0-1: Foul Ball, location: 2F
0-2: SOLO HOME RUN (Flyball, 89XD), Distance : 422 ft
Batting: LHB Juan Hernández 0-0: Foul Ball, location: 2F
0-1: Ball
1-1: Ball
2-1: Foul Ball, location: 2F
2-2: Ball
3-2: Base on Balls
Batting: RHB Pancho Salaedo 0-0: Ball
1-0: Fly out, F8 (Flyball, 8LM)
Batting: LHB José Alonso 0-0: Ball
1-0: Called Strike
1-1: Ball
2-1: Called Strike
2-2: DOUBLE (Flyball, 89M)
Juan Hernández to third
Batting: RHB Wilbur James 0-0: Intentional Walk
Pitching: LHP José Carrasco
Pinch Hitting: RHB Hank Kenney 0-0: Swinging Strike
0-1: Foul Ball, location: 2F
0-2: SINGLE (Line Drive, 4D)
Juan Hernández scores
José Alonso to third
Wilbur James to second
Batting: RHB Jeremy Murphy 0-0: Ball
1-0: Ball
2-0: Called Strike
2-1: Swinging Strike
2-2: Ball
3-2: SINGLE (Groundball, 4MD)
José Alonso scores
Wilbur James to third
Hank Kenney to second
Runner from 3rd tries for Home, SAFE, no throw or cutoff
Batting: RHB Jack Glenn 0-0: Ball
1-0: DOUBLE (Line Drive, 9LS)
Hank Kenney scores
Jeremy Murphy to third
Runner from 3rd tries for Home, SAFE, no throw or cutoff
Batting: RHB Dustin O'Quinlevan 0-0: Swinging Strike
0-1: SINGLE (Line Drive, 78S)
Jack Glenn to third
Runner from 3rd tries for Home, SAFE, no throw or cutoff
Pitching: RHP Tommy Middleton
Batting: RHB Joe Chase 0-0: Called Strike
0-1: Ball
1-1: Foul Ball, location: 2F
1-2: Ball
2-2: Grounds into double play, 5-4-3 (Groundball, 5D)
Top of the 9th over - 7 run(s), 6 hit(s), 0 error(s), 0 left on base; Helena 21 - Virginia Beach 12
BOTTOM OF THE 9TH
Virginia Beach Deuces batting - Pitching for Helena Grizzlies : RHP Victor Powell
Now at 3B: Mike O'Brien
Batting: RHB Marcox Fiadeiro 0-0: Foul Ball, location: 2F
0-1: Foul Ball, location: 2F
0-2: DOUBLE (Line Drive, 9LM)
Batting: RHB Derrek Church 0-0: Swinging Strike
0-1: Fly out, F7 (Flyball, 7M)
Batting: RHB Scott Miller 0-0: Foul Ball, location: 2F
0-1: Called Strike
0-2: Strikes out swinging
Batting: RHB Travis Brumback 0-0: Called Strike
0-1: Ball
1-1: Ground out 1-3 (Groundball, 13S)
Bottom of the 9th over - 0 run(s), 1 hit(s), 0 error(s), 1 left on base; Helena 21 - Virginia Beach 12
This league is powered by Out of the Park Baseball, the baseball management simulation game for PC, Mac and Linux
Saturday, July 25th, 2015 - OOTP Baseball 15.6 Build 34